 Dungeon Crawl Stone Soup version 0.29-a0-559-g359e09b (webtiles) character file.

Game seed: 4903123336624828548

18 BingusPrime the Magician (level 2, 0/21 HPs)
             Began as a Djinni Hedge Wizard on June 10, 2022.
             Slain by a quokka (5 damage)
             ... on level 2 of the Dungeon.
             The game lasted 00:03:52 (1579 turns).

BingusPrime the Magician (Djinni Hedge Wizard)      Turns: 1579, Time: 00:03:53

Health: 0/21       AC:  2    Str:  9    XL:     2   Next: 85%
Gold:   29         EV: 12    Int: 15    God:
                   SH:  0    Dex: 12

rFire   + + .      SeeInvis .   a - +0 dagger
rCold   x . .      Faith    .   (no shield)
rNeg    . . .      Spirit   .   b - +0 robe
rPois   ∞          Reflect  .   c - +0 hat
rElec   .          Harm     .   (no cloak)
rCorr   .          Rampage  .   (no gloves)
Will    .....                   (boots unavailable)
Stlth   ++........              (no amulet)
HPRegen 0.07/turn               (no ring)
MPRegen 0.00/turn               (no ring)

@: flying
A: sickness immunity, fire resistance 2, cold vulnerability 1, float, innate
caster, HP casting, extra vitality 1
a: no special abilities


You were on level 2 of the Dungeon.
You visited 1 branch of the dungeon, and saw 2 of its levels.

You collected 29 gold pieces.

Inventory:

Hand Weapons
 a - a +0 dagger (weapon)
Armour
 b - a +0 robe (worn)
 c - a +0 hat (worn)
Jewellery
 h - a ring of wizardry
Scrolls
 d - 2 scrolls of blinking {unknown}
 g - a scroll of identify {unknown}
Potions
 e - a potion of ambrosia {unknown}
 f - a potion of resistance {unknown}


   Skills:
 + Level 2.6 Dodging
 + Level 2.0 Stealth
 * Level 2.6 Spellcasting


You couldn't memorise any spells.
You knew the following spells:

 Your Spells              Type           Power      Damage    Failure   Level
a - Magic Dart            Conj           40%        1d5       7%          1
b - Blink                 Tloc           20%        N/A       11%         2
c - Call Imp              Summ           10%        N/A       11%         2
d - Slow                  Hex            40%        N/A       7%          1
e - Conjure Flame         Conj/Fire      10%        6-21      21%         3
f - Mephitic Cloud        Conj/Pois/Air  10%        N/A       21%         3
Your spell library was empty.

Dungeon Overview and Level Annotations

Branches:
Dungeon (2/15)

Altars:


Innate Abilities, Weirdness & Mutations

You are immune to sickness and miasma.
You are immune to poison.
Your flesh is very heat resistant. (rF++)
You are vulnerable to cold. (rC-)
You float through the air rather than walking.
You learn spells naturally, not from books.
Your magical power is your life essence.
You have superior vitality. (+4 MHP)


Message History

The quokka bites you.
Casting: Magic Dart (safe; 7% risk of failure)
Confirm with . or Enter, or press ? or * to list all spells.
Aiming: Slow (safe; 7% risk of failure)
Press: ? - help, Shift-Dir - straight line, f/p - quokka
Aim: a quokka (ally target, chance to affect: 66%)
The quokka seems to slow down.
* * * LOW HITPOINT WARNING * * *
Your crimson imp blinks!
The quokka barely misses you.
Casting: Slow (safe; 7% risk of failure)
Confirm with . or Enter, or press ? or * to list all spells.
You blink.
* * * LOW HITPOINT WARNING * * *
Found a quarterstaff.
You feel stable enough to blink again.
You see here a +0 quarterstaff.
Your crimson imp blinks!
Your crimson imp hits the quokka but does no damage.
The quokka is no longer moving slowly.
Casting: Blink (safe; 11% risk of failure)
Confirm with . or Enter, or press ? or * to list all spells.
Aiming: Magic Dart (safe; 7% risk of failure)
Press: ? - help, Shift-Dir - straight line, f/p - quokka
Aim: a quokka (ally target, 100% to hit)
The magic dart hits the quokka.
The quokka is lightly wounded.
* * * LOW HITPOINT WARNING * * *
You are too injured to fight recklessly!
Your crimson imp blinks!
You hit the quokka but do no damage.
The quokka is lightly wounded.
The quokka bites you but does no damage.
You barely miss the quokka.
The quokka is lightly wounded.
The quokka closely misses you. The quokka completely misses you.
You miss the quokka.
The quokka is lightly wounded.
The quokka bites you.
You die...

#. #......r....$..
#. #.###.###..#.##
#.###.##...##...#.#
#.#..)........5###.
#.#.#.##...##.## #
#.....###.###..#
#......##.# #...
#.r.###...# #..
#.@## #.## #..# ...
##.# ## ##. . .# .#
.#


You could see a quokka.

Vanquished Creatures
  A dart slug (D:1)
  A ball python (D:1)
  2 endoplasms
  3 goblins
  3 bats (D:1)
  A kobold (D:1)
  3 rats (D:1)
14 creatures vanquished.

Vanquished Creatures (collateral kills)
  A ball python (D:1)
1 creature vanquished.

Grand Total: 15 creatures vanquished

Notes
Turn   | Place    | Note
-------+----------+-------------------------------------------
     0 | D:1      | BingusPrime the Djinni Hedge Wizard began the quest for the
                  | Orb.
     0 | D:1      | Reached XP level 1. HP: 15/15 MP: 0/0
   386 | D:1      | Reached XP level 2. HP: 18/21 MP: 0/0
   784 | D:1      | Found a faded altar of an unknown god.
  1579 | D:2      | Slain by a quokka

Illustrated notes

Levels and vault maps discovered:
D:1:      dpeg_arrival_simpleton_a, layout_loops_corners,
          hellmonk_ecumenical_altar_arch_garden
D:2:      layout_loops_ring

Skill      XL: |  1  2 |
---------------+-------+-----
Stealth        | 2 |  2.0
Dodging        | |  2.6
Spellcasting   | |  2.6

Action                   || total
-------------------------++-------
Melee: Dagger            ||    15
 Cast: Magic Dart        ||    33
       Call Imp          ||     4
       Blink             ||     3
       Slow              ||     1
 Stab: Sleeping          ||     1
Armor: Robe              ||     7
Dodge: Dodged            ||    18

Table legend: (Time is in decaauts)
 A = Elapsed time spent in this place.
 B = Non-inter-level travel time spent in this place.
 C = Inter-level travel time spent in this place.
 D = Time resting spent in this place.
 E = Time spent auto-exploring this place.
 F = Levels seen in this place.
 G = Mean time per level.
                   A        B        C        D        E       F      G
               +--------+--------+--------+--------+--------+-----+--------+
         Total |   1578 |   1415 |    163 |    213 |   1084 |   2 |  789.0 |
       Dungeon |   1578 |   1415 |    163 |    213 |   1084 |   2 |  789.0 |
               +--------+--------+--------+--------+--------+-----+--------+

Top non-repeatable levels by time:
     D:1: 1528 daAuts
     D:2: 50 daAuts
